Map: Romanticide LE

Players

oOMeomaikAOo (MeomaikA)

  • Race: Zerg Zerg
  • League: Grandmaster

Demi - Winner!

  • Race: Zerg Zerg
  • League: Grandmaster

Event: DreamHack SC2 Masters 2021 Summer

VOD

Have the link to the VOD?

Description

Time

  • Played on: May 20, 2021, 4:29 a.m.
  • Length: 10:37

All games in this series

Show
View Real Time Build Order
Export as new Build Order

oOMeomaikAOo Zerg 

Build Orders: Hatch First 

Get SALT Encoding   

  12  0:00  Drone  
  13  0:08  Drone  
  14  0:16  Overlord  
  14  0:24  Extractor, Drone  
  15  0:35  Drone x2  
  17  0:52  Hatchery  
  17  0:54  Drone  
  17  0:57  Drone  
  18  1:08  Extractor  
  17  1:12  Spawning Pool  
  17  1:15  Drone  
  17  1:18  Drone  
  18  1:26  Drone  
  19  1:36  Overlord  
  19  1:48  Drone  
  20  1:58  Drone  
  20  1:59  Queen  
  23  2:04  Queen  
  23  2:05  Drone  
  23  2:08  Metabolic Boost  
  26  2:09  Drone  
  27  2:16  Drone  
  27  2:20  Drone  
  29  2:27  Zergling x2  
  29  2:28  Evolution Chamber  
  29  2:31  Zergling x2  
  29  2:36  Zergling x2  
  31  2:44  Drone, Hatchery  
  31  2:48  Drone  
  32  2:53  Zerg Melee Weapons Level 1  
  32  2:54  Drone  
  32  2:58  Overlord  
  33  3:03  Overlord  
  33  3:06  Zergling x2  
  33  3:08  Zergling x2  
  33  3:11  Zergling x2  
  36  3:16  Zergling x4  
  36  3:18  Zergling x2  
  39  3:21  Zergling x4  
  39  3:26  Zergling x2  
  42  3:28  Zergling x2  
  43  3:38  Drone  
  43  3:39  Roach Warren  
  43  3:40  Zergling x2  
  44  3:47  Drone x3  
  47  3:50  Zergling x6  
  47  3:53  Zergling x2  
  47  3:55  Zergling x2  
  47  4:05  Zergling x4  
  47  4:06  Zergling x2  
  49  4:20  Roach  
  49  4:21  Roach  
  49  4:23  Roach x2  
  55  4:24  Roach x2  
  55  4:26  Roach  
  55  4:29  Zergling x6  
  55  4:30  Zergling x2  
  54  4:32  Zergling x2  
  54  4:34  Zergling x2  
  49  4:39  Zergling x2  
  49  4:40  Zergling x2  
  49  4:46  Zergling x2  
  49  4:51  Zergling x2  
  49  4:52  Zergling x4  
  53  5:00  Queen  
  53  5:04  Drone  
  56  5:07  Drone  
  56  5:11  Overlord  
  57  5:16  Roach  
  57  5:20  Drone x2  
  57  5:27  Overlord  
  57  5:28  Queen  
  57  5:31  Roach  
  57  5:35  Roach  
  62  5:37  Drone  
  62  5:38  Drone  
  62  5:40  Drone  
  65  5:46  Roach  
  65  5:48  Drone x2  
  67  5:52  Queen  
  67  5:55  Roach  
  71  5:59  Roach  
  71  6:02  Zergling x2  
  74  6:06  Overlord  
  74  6:09  Extractor, Drone, Overlord  
  73  6:19  Overlord  
  73  6:26  Zergling x4  
  73  6:28  Zergling x6  
  73  6:31  Zergling x6  
  78  6:37  Zergling x2  
  80  6:40  Zergling x8  
  80  6:42  Zerg Ground Armor Level 1  
  80  6:43  Zergling x2  
  83  6:48  Zergling x2  
  83  6:50  Zergling x2  
  83  6:52  Zergling x4  
  83  6:53  Zergling x2  
  88  6:54  Zergling x2  
  88  6:59  Zergling x2  
  90  7:02  Queen  
  90  7:03  Zergling x8  
  90  7:06  Zergling x2  
  95  7:11  Zergling x4  
  97  7:16  Overlord  
  97  7:34  Zergling x2  
  97  7:35  Zergling x14  
  105  7:51  Queen  
  105  7:53  Zergling x4  
  105  7:54  Zergling x4  
  105  7:55  Zergling x6  
  105  7:56  Zergling x4  
  105  7:57  Zergling x2  
  101  7:58  Zergling x2  
  101  8:01  Zergling x2  
  101  8:04  Zergling x2  
  91  8:11  Drone x2, Queen  
  84  8:15  Zergling x2  
  84  8:16  Zergling x4  
  84  8:18  Drone x2  
  89  8:20  Drone  
  89  8:21  Drone  
  89  8:25  Drone x2  
  93  8:28  Hatchery  
  93  8:29  Drone  
  93  8:33  Drone x2  
  95  8:38  Lair  
  95  8:39  Zerg Missile Weapons Level 1  
  95  8:40  Extractor  
  94  8:42  Drone  
  94  8:43  Drone  
  94  8:48  Zergling x6  
  99  8:49  Zergling x2  
  100  8:58  Zergling x4  
  100  8:59  Zergling x2  
  100  9:00  Zergling x2  
  100  9:01  Drone x2  
  106  9:07  Extractor  
  106  9:08  Zergling x2  
  106  9:09  Overlord x2  
  106  9:15  Overlord  
  106  9:16  Overlord  
  106  9:20  Extractor  
  106  9:22  Overlord  
  106  9:23  Overlord  
  105  9:37  Roach x4  
  105  9:38  Roach x4  
  121  9:44  Roach x2  
  121  9:45  Roach  
  127  9:46  Roach  
  127  9:50  Roach  
  127  9:51  Roach  
  126  9:53  Roach  
  126  9:55  Roach  
  126  9:57  Roach  
  124  10:00  Roach  
  124  10:03  Roach  
  124  10:04  Roach  
  124  10:06  Zergling x2  
  126  10:07  Zergling x2  
  126  10:10  Zergling x4  
  129  10:19  Ravager  
  129  10:20  Ravager x3  
Show
View Real Time Build Order
Export as new Build Order

Demi Zerg - Winner!

Build Orders: Hatch First, Zergling Baneling 

Get SALT Encoding   

  12  0:00  Drone  
  13  0:12  Overlord  
  13  0:17  Drone  
  14  0:31  Drone x2  
  16  0:48  Hatchery  
  15  0:51  Drone  
  15  0:54  Drone  
  17  0:58  Drone  
  18  1:08  Extractor  
  17  1:13  Spawning Pool  
  17  1:17  Drone  
  17  1:19  Drone  
  18  1:28  Drone  
  19  1:39  Drone  
  20  1:49  Overlord  
  20  2:00  Queen x2  
  20  2:01  Zergling x2  
  25  2:02  Drone  
  26  2:09  Metabolic Boost  
  26  2:10  Drone  
  26  2:11  Drone  
  28  2:22  Drone x2  
  30  2:34  Hatchery  
  30  2:36  Drone  
  30  2:43  Baneling Nest  
  30  2:44  Drone  
  30  2:49  Overlord  
  30  2:54  Drone  
  30  2:57  Zergling x4  
  33  3:05  Zergling x4  
  35  3:12  Zergling x10  
  40  3:19  Overlord  
  40  3:22  Zergling x4  
  42  3:29  Baneling  
  42  3:32  Zergling x4  
  44  3:36  Baneling x2  
  44  3:45  Zergling x14  
  49  4:05  Baneling  
  49  4:06  Baneling  
  49  4:10  Drone x5  
  49  4:15  Roach Warren  
  50  4:27  Zergling x18  
  53  4:34  Baneling x3  
  52  4:39  Zergling x6  
  52  4:40  Zergling x2  
  54  4:48  Drone x2  
  54  4:49  Drone  
  55  4:56  Overlord  
  55  5:02  Overlord  
  55  5:04  Extractor, Drone x2  
  56  5:13  Queen, Overlord  
  58  5:19  Drone x2  
  56  5:23  Overlord  
  56  5:28  Drone  
  57  5:37  Drone  
  57  5:38  Overlord x2  
  58  5:48  Roach  
  58  5:49  Roach x8  
  75  5:50  Roach  
  75  6:01  Roach x4  
  82  6:08  Overlord x2  
  82  6:15  Roach x3  
  88  6:26  Overlord  
  88  6:30  Drone  
  88  6:31  Drone x6  
  92  6:36  Lair  
  92  6:39  Extractor  
  91  6:40  Drone  
  91  6:41  Drone x2, Evolution Chamber  
  93  6:51  Drone  
  93  6:52  Drone x2  
  96  7:02  Drone x3  
  96  7:07  Zerg Missile Weapons Level 1  
  96  7:08  Drone x2  
  98  7:10  Extractor, Drone x2  
  98  7:11  Overlord  
  99  7:16  Drone x2, Overlord  
  99  7:17  Overlord  
  101  7:24  Extractor, Roach x4  
  108  7:34  Roach x6  
  117  7:40  Spine Crawler  
  117  7:41  Spine Crawler  
  117  7:44  Roach x2  
  118  7:48  Roach x3  
  123  7:56  Roach x4  
  123  7:57  Zergling x2  
  118  8:05  Roach x4  
  122  8:11  Glial Reconstitution  
  116  8:15  Overseer  
  116  8:23  Drone x2  
  116  8:24  Extractor, Drone x5  
  122  8:28  Queen  
  122  8:34  Spire  
  123  8:40  Drone x2  
  126  8:41  Drone x8  
  133  8:55  Overlord  
  133  9:03  Overlord x4  
  133  9:04  Overlord  
  133  9:08  Hatchery  
  132  9:18  Overseer  
  132  9:22  Drone  
  133  9:27  Drone x3  
  136  9:33  Extractor  
  135  9:47  Mutalisk x9  
  150  9:53  Mutalisk  
  150  9:57  Roach  
  138  10:05  Mutalisk x2  
  136  10:07  Roach  
  138  10:15  Roach  
  138  10:16  Roach x5  
Tags
 
Add a new tag
Caveats
  • Supply blocks, unpowered buildings, or Contaminate may cause inaccurate times.
  • Supply counts are checked every 10 seconds.